 Dungeon Crawl Stone Soup version 0.31-a0-1-g4198be8af4 (webtiles) character file.

Game seed: 14574600273224085249

4955 bande the Cleaver (level 10, -2/63 HPs)
             Began as a Gargoyle Fighter on Apr 29, 2023.
             Was a Follower of Okawaru.
             Slain by a killer bee (4 damage)
             ... on level 1 of the Lair of Beasts on May 1, 2023.
             The game lasted 00:16:32 (7767 turns).

bande the Cleaver (Gargoyle Fighter)                Turns: 7767, Time: 00:16:32

Health: -2/63      AC: 20    Str: 20    XL:     10   Next: 53%
Magic:  11/11      EV:  8    Int:  9    God:    Okawaru [*.....]
Gold:   344        SH:  5    Dex: 13    Spells: 9/9 levels left

rFire   + . .        h - +0 war axe (flame)
rCold   . . .        c - +0 buckler
rNeg    + . .        r - +0 chain mail
rPois   ∞            (no helmet)
rElec   +            b - +0 cloak
rCorr   +            (no gloves)
SInv    .            n - +0 pair of boots
Will    .....        q - amulet of regeneration Stlth
                     e - ring of protection from fire
HPRegen 1.10/turn    t - ring of resist corrosion
MPRegen 0.12/turn

%: no passive effects
@: mighty
A: sickness immunity, AC +7, negative energy resistance 1, electricity
resistance, torment resistance 1, petrification resistance
a: Renounce Religion, Heroism


You were on level 1 of the Lair of Beasts.
You worshipped Okawaru.
Okawaru was aware of your devotion.
You visited 3 branches of the dungeon, and saw 10 of its levels.

You collected 465 gold pieces.
You spent 121 gold pieces at shops.

Inventory:

Hand Weapons
 a - a +1 heavy war axe
 h - a +0 war axe of flaming (weapon)
Armour
 b - a +0 cloak (worn)
 c - a +0 buckler (worn)
 n - a +0 pair of boots (worn)
 r - a +0 chain mail (worn)
Jewellery
 e - a ring of protection from fire (left hand)
 q - an amulet of regeneration (around neck)
 t - a ring of resist corrosion (right hand)
Wands
 l - a wand of charming (8)
 s - a wand of digging (5)
Scrolls
 f - 4 scrolls of identify
 k - 2 scrolls of blinking
Potions
 d - a potion of might
 g - a potion of haste
 i - 2 potions of resistance
 j - 3 potions of mutation
 m - 5 potions of curing
 o - 2 potions of ambrosia
 p - 4 potions of heal wounds
 v - 4 potions of brilliance
 w - a potion of berserk rage


   Skills:
 + Level 7.1 Fighting
 + Level 9.5 Axes
 + Level 8.0 Armour
 - Level 0.1 Dodging
 + Level 6.3 Shields
 * Level 2.6 Invocations
 * Level 3.8 Evocations


You had 9 spell levels left.
You didn't know any spells.
Your spell library contained the following spells:

 Spells                   Type           Power      Damage    Failure   Level
 Magic Dart               Conj           0%         1d3       96%         1
 Shock                    Conj/Air       0%         1d3       96%         1
 Lesser Beckoning         Tloc           0%         N/A       99%         2
 Mephitic Cloud           Conj/Pois/Air  0%         N/A       100%        3
 Swiftness                Air            0%         N/A       100%        3
 Airstrike                Air            0%         2d(0-16)  100%        4
 Blade Hands              Tmut           0%         N/A       100%        5
 Iron Shot                Conj/Erth      0%         9d1       100%        6
 Call Imp                 Summ           Unusable   N/A       N/A         2
 Animate Armour           Summ/Erth      Unusable   N/A       N/A         4

Dungeon Overview and Level Annotations

Branches:
Dungeon (8/15)             Temple (1/1) D:5            Lair (1/5) D:8

Altars:
Ashenzari
Cheibriados
Dithmenos
Elyvilon
Fedhas
Gozag
Hepliaklqana
Makhleb
Okawaru
Ru
Sif Muna
Trog
Uskayaw
Vehumet
Wu Jian
Xom
Yredelemnul
Zin
The Shining One

Shops:
D:3 [   D:4 !?[   D:6 *

Annotations:
D:5 exclusion: statue
D:6 2 transporters, Ahpoh's ghost, novice VSFi
Lair:1 Fannar


Innate Abilities, Weirdness & Mutations

You are immune to sickness and miasma.
Your stone body is resilient. (AC +7)
You are immune to poison.
You resist negative energy. (rN+)
You are resistant to electric shocks. (rElec)
You are resistant to unholy torment.
You are immune to petrification.


Message History

The bolt of cold hits you!!
The ice beast hits you but does no damage.
You barely miss Fannar.
Fannar is lightly wounded.
You barely miss the ice beast.
A killer bee comes into view.
Fannar brushes some snowflakes from their robe.
Fannar hits you with a staff of cold.
* * * LOW HITPOINT WARNING * * *
Fannar freezes you!
* * * LOW HITPOINT WARNING * * *
The ice beast hits you but does no damage.
Unknown command.
You feel much better.
The killer bee buzzes angrily.
Fannar says, "Does this not give you the chills?"
Fannar hits you but does no damage. Fannar freezes you!
* * * LOW HITPOINT WARNING * * *
The ice beast hits you but does no damage.
You feel much better. Fannar closely misses you.
The ice beast hits you but does no damage.
You feel very mighty all of a sudden. Fannar hits you with a staff of cold!
Fannar freezes you!
* * * LOW HITPOINT WARNING * * *
The ice beast barely misses you.
Unknown command.
You barely miss Fannar.
Fannar is lightly wounded.
You slash the killer bee! You burn the killer bee. You hit the ice beast.
You melt the ice beast.
The killer bee misses you.
The killer bee stings you but does no damage.
Fannar hits you but does no damage. Fannar freezes you.
* * * LOW HITPOINT WARNING * * *
The ice beast hits you but does no damage.
You closely miss Fannar.
Fannar is lightly wounded.
You completely miss the ice beast. You closely miss the killer bee.
The killer bee stings you but does no damage.
The killer bee stings you.
You die...

#.. ......# ...# ......#
#..# ......# ## #..# ###
......# ##P####..#
#.##≈~≈...# .........#
#####.~≈≈≈~...
........###.....~≈≈≈~..#
.................~≈≈≈~..
..#.##..###...@y~~≈≈~..
#...#.# ##.Ye.~≈≈≈~.. #.
#.....# ##.~~~≈≈~~..
#..#...P.# #~~~~~≈≈...
...#.....# ##.~~≈≈≈~.#.
...P...#.# #.#..~~...#
#.........# ####...#.##
#...P...#.## #.#####
#.>.#...#.P# #.#


You could see Fannar, an ice beast (summoned) and a killer bee.

Vanquished Creatures
  Amaemon (D:8)
  An orange demon (Lair:1)
  A hornet (D:7)
  3 blink frogs (Lair:1)
  Grinder (D:3)
  A wyvern (D:7)
  2 water moccasins
  3 orc warriors
  2 ice beasts
  2 sky beasts
  A black bear (D:5)
  An ogre (D:6)
  A centaur (D:7)
  2 phantoms (D:5)
  A bullfrog (D:8)
  The ghost of LobsterGuardian the Twirler, an amateur GrGl (D:5)
  3 scorpions
  4 wights (D:8)
  5 killer bees (D:8)
  3 howler monkeys
  An electric eel (Lair:1)
  4 orc priests (D:7)
  4 hounds
  2 iguanas
  A gnoll bouda (D:6)
  3 sleepcaps
  4 orc wizards
  9 gnolls
  9 adders
  A shadow imp (D:6)
  A white imp (D:6)
  An ufetubus (D:6)
  6 dart slugs
  40 orcs
  4 bats
  7 endoplasms
  6 giant cockroaches (D:1)
  8 goblins
  12 hobgoblins
  2 jackals (D:3)
  9 kobolds
  2 quokkas (D:2)
  8 ball pythons
  5 frilled lizards
  5 rats
193 creatures vanquished.

Vanquished Creatures (others)
  4 fungi (Lair:1)
  16 plants
  2 withered plants (D:5)
22 creatures vanquished.

Grand Total: 215 creatures vanquished

Notes
Turn   | Place    | Note
-------+----------+-------------------------------------------
     0 | D:1      | bande the Gargoyle Fighter began the quest for the Orb.
     0 | D:1      | Reached XP level 1. HP: 14/14 MP: 1/1
    96 | D:1      | Reached XP level 2. HP: 19/19 MP: 2/2
   314 | D:1      | Reached skill level 2 in Axes
   421 | D:1      | Reached XP level 3. HP: 24/24 MP: 3/3
  1593 | D:2      | Reached XP level 4. HP: 29/29 MP: 4/4
  1860 | D:3      | Reached skill level 3 in Axes
  1943 | D:3      | Reached XP level 5. HP: 32/33 MP: 5/5
  1955 | D:3      | Upgraded the game from 0.30-a0-1163-gf69bf04e7a to
                  | 0.31-a0-1-g4198be8af4
  1997 | D:3      | Noticed Grinder
  2005 | D:3      | Paralysed by Grinder for 5 turns
  2019 | D:3      | Killed Grinder
  2020 | D:3      | Reached skill level 4 in Axes
  2020 | D:3      | Reached XP level 6. HP: 36/38 MP: 6/6
  2149 | D:3      | Found Tepin's Armour Shoppe.
  2625 | D:4      | Identified the +4 hand axe of Integrity {chaos, +Blink
                  | Dex+6}
  2738 | D:4      | Found Jiwn's Distillery.
  2744 | D:4      | Bought a potion of degeneration for 11 gold pieces
  2744 | D:4      | Bought a potion of heal wounds for 55 gold pieces
  2744 | D:4      | Bought a potion of berserk rage for 55 gold pieces
  2904 | D:4      | Reached skill level 5 in Axes
  2904 | D:4      | Reached XP level 7. HP: 44/44 MP: 7/7
  2906 | D:4      | Found Ekuejiyqo's Magic Scroll Shop.
  3004 | D:4      | Found Emimp's Armour Boutique.
  3300 | D:4      | Found a hide-covered altar of Uskayaw.
  3405 | D:5      | Entered Level 5 of the Dungeon
  3429 | D:5      | Found an opulent altar of Gozag.
  3433 | D:5      | Reached skill level 5 in Armour
  3507 | D:5      | Found a white marble altar of Elyvilon.
  3529 | D:5      | Identified the +0 plate armour of the Shore {Fly rCorr}
  3593 | D:5      | Found a runed translucent door.
  3595 | D:5      | Noticed LobsterGuardian's ghost (amateur GrGl)
  3619 | D:5      | Reached skill level 5 in Fighting
  3619 | D:5      | Reached skill level 6 in Axes
  3619 | D:5      | Reached XP level 8. HP: 49/49 MP: 8/8
  3668 | D:5      | Found a bloodstained altar of Trog.
  3712 | D:5      | Found a shimmering blue altar of Sif Muna.
  3716 | D:5      | Got Sif Muna's Excursus on Space
  3828 | D:5      | Found a glowing golden altar of the Shining One.
  3831 | D:5      | Found a hazy altar of Hepliaklqana.
  3843 | D:5      | Found a staircase to the Ecumenical Temple.
  3864 | Temple   | Entered the Ecumenical Temple
  4192 | D:5      | Found a radiant altar of Vehumet.
  4505 | D:5      | Killed LobsterGuardian's ghost
  4506 | D:5      | Reached skill level 7 in Axes
  4578 | D:6      | Found a transporter.
  4588 | D:6      | Found a transporter.
  4683 | D:6      | Found Liracriss's General Store.
  4698 | D:6      | Noticed Ahpoh's ghost (novice VSFi)
  4718 | D:6      | Reached skill level 5 in Shields
  4840 | D:6      | Reached XP level 9. HP: 52/55 MP: 9/9
  5056 | D:6      | Found an ornate altar of the Wu Jian Council.
  5206 | D:6      | Found a burning altar of Makhleb.
  5355 | D:7      | Reached skill level 8 in Axes
  5355 | D:7      | Reached skill level 1 in Evocations
  5565 | D:7      | Noticed a hornet
  5579 | D:7      | Killed a hornet
  5777 | D:7      | Found a broken altar of Ashenzari.
  5964 | D:8      | Found a staircase to the Lair.
  6370 | D:8      | Reached skill level 9 in Axes
  6398 | D:8      | Found an iron altar of Okawaru.
  6411 | D:8      | Became a worshipper of Warmaster Okawaru
  6899 | Lair:1   | Entered Level 1 of the Lair of Beasts
  6908 | Lair:1   | Reached XP level 10. HP: 61/61 MP: 10/10
  6937 | Lair:1   | Noticed an orange demon
  6937 | Lair:1   | Noticed Amaemon
  6999 | D:8      | Killed Amaemon
  7000 | D:8      | Reached skill level 1 in Invocations
  7146 | Lair:1   | Killed an orange demon
  7146 | Lair:1   | Reached * piety under Okawaru
  7388 | Lair:1   | Noticed Fannar
  7762 | Lair:1   | HP: 2/63 [Fannar/staff of cold (16)]
  7767 | Lair:1   | Slain by a killer bee

Illustrated notes

Levels and vault maps discovered:
D:1:      minmay_arrival_three_doors, layout_loops_corners, fountainhead
D:2:      layout_loops_ring, serial_bayou_lake_a
D:3:      layout_loops_corners, serial_shops, nicolae_diamond_shop, uniq_grinder
D:4:      corexii_shantytown, layout_loops_ring,
          mainiacjoe_overflow_surrounded_room, serial_shops, shop,
          kennysheep_mini_moat, shop
D:5:      layout_basic, vehumet_statue, nzn_overflow_gifts_of_might_and_magic,
          nicolae_elyvilon_peaceful_grove, nicolae_overflow_hidden_temple,
          minmay_temple_entry_ruins, gammafunk_ghost_grave,
          kennysheep_generic_room_12
D:6:      layout_rooms, kennysheep_little_box,
          nicolae_wu_jian_immortal_techniques, gammafunk_ghost_stat_death,
          serial_shops, nicolae_shop_behind_doors
D:7:      layout_rooms, old_standard_altar
D:8:      layout_basic, nicolae_overflow_crystal_walls, lair_entry_dummy
Temple:   nicolae_temple_superstar
Lair:1:   wad_woods_minihive, layout_chaotic_city, infiniplex_staircase_pool,
          uniq_amaemon, uniq_fannar

Skill      XL: |  1  2  3  4  5  6  7  8  9 10 |
---------------+-------------------------------+-----
Axes           | 2 3 4 5 6 7 9 |  9.5
Fighting       | 4 5 6 7 |  7.1
Armour         | 4 5 6 7 8 |  8.0
Shields        | 4 5 6 |  6.3
Evocations     | 3 |  3.8
Invocations    | 2 |  2.6
Dodging        | |  0.1

Action                     |  1- 3 |  4- 6 |  7- 9 | 10-12 || total
---------------------------+-------+-------+-------+-------++-------
  Melee: War axe           |   117 |   102 |   426 |   101 ||   746
    Use: Scroll            |       |    13 |     6 |     1 ||    20
         Potion            |       |       |       |     6 ||     6
 Armour: Scale mail        |    56 |    25 |       |       ||    81
         Chain mail        |       |    50 |   357 |   133 ||   540
  Dodge: Dodged            |    51 |    40 |   162 |    78 ||   331
  Block: Buckler           |    25 |    25 |   122 |    39 ||   211

Table legend: (Time is in decaauts)
 A = Elapsed time spent in this place.
 B = Non-inter-level travel time spent in this place.
 C = Inter-level travel time spent in this place.
 D = Time resting spent in this place.
 E = Time spent auto-exploring this place.
 F = Levels seen in this place.
 G = Mean time per level.
                   A        B        C        D        E       F      G
               +--------+--------+--------+--------+--------+-----+--------+
         Total |   8057 |   7869 |    188 |    873 |   4955 |  10 |  805.7 |
       Dungeon |   7552 |   7364 |    188 |    691 |   4805 |   8 |  944.0 |
        Temple |    142 |    142 |      0 |      0 |    106 |   1 |  142.0 |
          Lair |    361 |    361 |      0 |    182 |     43 |   1 |  361.0 |
               +--------+--------+--------+--------+--------+-----+--------+

Top non-repeatable levels by time:
     D:8: 1477 daAuts
     D:5: 1069 daAuts
     D:1: 1062 daAuts
     D:3: 935 daAuts
     D:4: 864 daAuts
     D:6: 742 daAuts
     D:2: 733 daAuts
     D:7: 666 daAuts
  Lair:1: 361 daAuts
  Temple: 142 daAuts
